[ AOE2 MATCH · #508104637 ]
UnrankedJapanese vs Celts
Player's team · WIN
Rival team · LOSS
[ REPLAY ANALYSIS · EXTRACTED FROM THE RECORDED GAME ]
Feudal
8:58
Castle
21:39
Imperial
—
| APM avg | 51.1 |
| APM peak | 68 |
| eAPM avg | 24.1 |
| Villagers / military | 63 / 47 |
Focus
⚔️ 46.4% · 🌾 53.6%
Archer ×37 · Militia ×6 · Knight ×4
Feudal
11:56
Castle
23:26
Imperial
—
| APM avg | 98.1 |
| APM peak | 170 |
| eAPM avg | 59.2 |
| Villagers / military | 63 / 30 |
Focus
⚔️ 78.1% · 🌾 21.9%
Archer ×14 · Scorpion ×7 · Mangonel ×4 · Militia ×3 · Monk ×1 · Skirmisher ×1
Match map
Initial resources + every placement click. Lines = walls · curves = elevation contours. ◆ gold · ⬟ stone · ● berries · ✦ relic · ◌ wall gap
Your base· Open — 5t gap
LLaRLLi's base· ✓ Closed at 23:26 · 88t walls · 1 gate(s)
Smoothed initial terrain · ◌ = detected wall gap · hover for details
Inputs per minute
— jakco - - LLaRLLi
Build order — jakco
First 150 of 184 actions detected
| 0:01 | Queue | Villager (Male) |
| 0:01 | Queue | Villager (Male) |
| 0:02 | Build | House |
| 0:03 | Build | House |
| 0:13 | Queue | Villager (Male) |
| 0:15 | Queue | Villager (Male) |
| 0:16 | Queue | Villager (Male) |
| 1:28 | Queue | Villager (Male) |
| 1:55 | Queue | Villager (Male) |
| 2:26 | Queue | Villager (Male) |
| 2:27 | Build | Lumber Camp |
| 2:56 | Queue | Villager (Male) |
| 2:59 | Queue | Villager (Male) |
| 2:59 | Queue | Villager (Male) |
| 3:19 | Queue | Villager (Male) |
| 3:55 | Queue | Villager (Male) |
| 3:55 | Queue | Villager (Male) |
| 4:08 | Queue | Villager (Male) |
| 4:09 | Queue | Villager (Male) |
| 4:15 | Build | House |
| 4:25 | Queue | Villager (Male) |
| 5:22 | Build | Barracks |
| 5:24 | Queue | Villager (Male) |
| 5:47 | Queue | Villager (Male) |
| 6:05 | Research | Loom |
| 6:22 | Build | House |
| 6:23 | Build | Palisade Wall |
| 6:48 | Research | Feudal Age |
| 6:49 | Research | Feudal Age |
| 7:06 | Build | Mining Camp |
| 7:13 | Queue | Militia |
| 7:13 | Queue | Militia |
| 7:22 | Queue | Militia |
| 7:22 | Queue | Militia |
| 7:58 | Queue | Militia |
| 8:18 | Queue | Militia |
| 8:26 | Build | House |
| 8:31 | Queue | Villager (Male) |
| 8:41 | Build | Mill |
| 8:58 | Age | Feudal Age |
| 9:15 | Research | Man-at-Arms (upgrade) |
| 9:43 | Build | Archery Range |
| 9:47 | Build | House |
| 9:48 | Build | Palisade Wall |
| 9:51 | Queue | Villager (Male) |
| 9:51 | Queue | Villager (Male) |
| 10:11 | Build | Palisade Wall |
| 10:11 | Build | Palisade Wall |
| 10:12 | Build | Palisade Wall |
| 10:12 | Build | Palisade Wall |
| 10:15 | Build | Palisade Wall |
| 10:15 | Build | Palisade Wall |
| 10:16 | Build | Palisade Wall |
| 10:16 | Build | Palisade Wall |
| 10:17 | Build | Palisade Wall |
| 10:18 | Queue | Villager (Male) |
| 10:32 | Queue | Villager (Male) |
| 11:08 | Queue | Archer |
| 11:18 | Build | Farm |
| 11:20 | Build | Farm |
| 11:23 | Queue | Villager (Male) |
| 11:32 | Queue | Archer |
| 11:33 | Queue | Villager (Male) |
| 11:35 | Build | Farm |
| 11:52 | Research | Arson |
| 11:55 | Queue | Villager (Male) |
| 11:57 | Build | Farm |
| 12:03 | Build | House |
| 12:11 | Queue | Villager (Male) |
| 12:17 | Queue | Villager (Male) |
| 12:22 | Queue | Archer |
| 12:42 | Queue | Villager (Male) |
| 12:52 | Queue | Villager (Male) |
| 13:07 | Queue | Archer |
| 13:09 | Build | Farm |
| 13:23 | Queue | Villager (Male) |
| 13:24 | Build | Farm |
| 13:39 | Build | Farm |
| 13:41 | Build | Farm |
| 13:42 | Queue | Archer |
| 14:00 | Build | House |
| 14:24 | Queue | Villager (Male) |
| 14:29 | Build | Blacksmith |
| 14:51 | Queue | Villager (Male) |
| 14:55 | Build | Farm |
| 15:01 | Queue | Archer |
| 15:02 | Queue | Villager (Male) |
| 15:16 | Queue | Villager (Male) |
| 15:19 | Queue | Archer |
| 15:40 | Queue | Villager (Male) |
| 15:51 | Queue | Archer |
| 16:08 | Build | House |
| 16:24 | Queue | Villager (Male) |
| 16:26 | Queue | Archer |
| 16:30 | Research | Fletching |
| 16:41 | Queue | Villager (Male) |
| 16:56 | Queue | Archer |
| 16:56 | Queue | Archer |
| 17:02 | Build | Farm |
| 17:03 | Build | Farm |
| 17:04 | Build | Farm |
| 17:17 | Build | Lumber Camp |
| 17:24 | Queue | Archer |
| 17:25 | Queue | Villager (Male) |
| 17:27 | Build | Farm |
| 17:38 | Queue | Archer |
| 18:02 | Queue | Villager (Male) |
| 18:11 | Build | House |
| 18:11 | Build | House |
| 18:59 | Research | Castle Age |
| 18:59 | Research | Castle Age |
| 19:18 | Queue | Archer |
| 19:45 | Queue | Villager (Male) |
| 20:14 | Build | Archery Range |
| 20:25 | Queue | Archer |
| 20:27 | Research | Padded Archer Armor |
| 20:48 | Queue | Villager (Male) |
| 21:39 | Age | Castle Age |
| 21:42 | Research | Crossbowman (upgrade) |
| 21:43 | Research | Bodkin Arrow |
| 21:55 | Queue | Archer |
| 21:55 | Queue | Archer |
| 21:56 | Queue | Villager (Male) |
| 22:02 | Build | Town Center |
| 22:13 | Queue | Archer |
| 22:13 | Queue | Archer |
| 22:30 | Queue | Villager (Male) |
| 22:32 | Queue | Villager (Male) |
| 22:35 | Queue | Archer |
| 22:35 | Queue | Archer |
| 22:51 | Queue | Villager (Male) |
| 22:52 | Queue | Archer |
| 22:52 | Queue | Archer |
| 22:59 | Build | Market |
| 23:15 | Queue | Archer |
| 23:16 | Queue | Archer |
| 23:21 | Queue | Villager (Male) |
| 23:23 | Queue | Villager (Male) |
| 23:25 | Queue | Archer |
| 23:25 | Queue | Archer |
| 23:34 | Queue | Archer |
| 23:34 | Queue | Archer |
| 23:46 | Queue | Villager (Male) |
| 23:48 | Build | House |
| 23:49 | Build | House |
| 24:26 | Queue | Villager (Male) |
| 24:31 | Queue | Villager (Male) |
| 25:18 | Queue | Villager (Male) |
| 25:21 | Queue | Villager (Male) |
| 25:21 | Queue | Villager (Male) |
Build order — LLaRLLi
First 150 of 189 actions detected
| 0:00 | Queue | Villager (Male) |
| 0:01 | Queue | Villager (Male) |
| 0:02 | Build | House |
| 0:03 | Build | House |
| 0:10 | Queue | Villager (Male) |
| 0:10 | Queue | Villager (Male) |
| 0:10 | Queue | Villager (Male) |
| 1:24 | Queue | Villager (Male) |
| 1:24 | Queue | Villager (Male) |
| 1:53 | Queue | Villager (Male) |
| 1:53 | Queue | Villager (Male) |
| 2:01 | Build | Lumber Camp |
| 2:24 | Queue | Villager (Male) |
| 2:24 | Queue | Villager (Male) |
| 2:24 | Queue | Villager (Male) |
| 2:33 | Queue | Villager (Male) |
| 2:34 | Queue | Villager (Male) |
| 3:07 | Queue | Villager (Male) |
| 3:08 | Queue | Villager (Male) |
| 3:49 | Queue | Villager (Male) |
| 3:50 | Queue | Villager (Male) |
| 3:53 | Build | House |
| 4:05 | Queue | Villager (Male) |
| 4:05 | Queue | Villager (Male) |
| 4:06 | Queue | Villager (Male) |
| 4:07 | Queue | Villager (Male) |
| 4:53 | Queue | Villager (Male) |
| 4:53 | Queue | Villager (Male) |
| 4:53 | Queue | Villager (Male) |
| 4:58 | Research | Loom |
| 5:18 | Build | Barracks |
| 5:23 | Queue | Villager (Male) |
| 5:42 | Build | House |
| 5:48 | Queue | Villager (Male) |
| 5:48 | Queue | Villager (Male) |
| 6:07 | Build | Palisade Wall |
| 6:13 | Queue | Militia |
| 6:13 | Queue | Militia |
| 6:30 | Build | Palisade Wall |
| 6:48 | Build | Palisade Wall |
| 7:03 | Queue | Villager (Male) |
| 7:14 | Queue | Villager (Male) |
| 7:20 | Build | Mill |
| 7:23 | Build | House |
| 7:29 | Queue | Militia |
| 7:44 | Queue | Villager (Male) |
| 8:00 | Build | Palisade Wall |
| 8:01 | Build | Palisade Wall |
| 8:08 | Build | Palisade Wall |
| 8:15 | Queue | Villager (Male) |
| 8:27 | Build | Palisade Wall |
| 8:40 | Queue | Villager (Male) |
| 8:53 | Build | Mining Camp |
| 9:10 | Queue | Villager (Male) |
| 9:17 | Build | House |
| 9:38 | Build | Farm |
| 9:40 | Research | Feudal Age |
| 9:46 | Build | Palisade Wall |
| 9:53 | Build | Palisade Wall |
| 9:55 | Build | Palisade Wall |
| 9:56 | Build | Palisade Wall |
| 10:24 | Build | Farm |
| 10:33 | Build | Palisade Wall |
| 10:47 | Build | Palisade Wall |
| 10:50 | Build | Palisade Wall |
| 10:54 | Build | Palisade Wall |
| 11:01 | Build | House |
| 11:03 | Build | Palisade Wall |
| 11:56 | Age | Feudal Age |
| 11:57 | Queue | Villager (Male) |
| 11:59 | Build | Archery Range |
| 12:23 | Research | Double-Bit Axe |
| 12:23 | Research | Double-Bit Axe |
| 12:24 | Research | Horse Collar |
| 12:26 | Build | Farm |
| 12:26 | Queue | Villager (Male) |
| 12:38 | Build | Palisade Wall |
| 12:42 | Build | Palisade Wall |
| 12:48 | Queue | Archer |
| 12:48 | Queue | Archer |
| 12:49 | Build | Palisade Wall |
| 13:04 | Queue | Villager (Male) |
| 13:07 | Build | Palisade Wall |
| 13:17 | Queue | Villager (Male) |
| 13:18 | Queue | Skirmisher |
| 13:27 | Build | Farm |
| 13:29 | Build | Farm |
| 13:35 | Queue | Villager (Male) |
| 13:55 | Queue | Archer |
| 13:56 | Queue | Villager (Male) |
| 13:58 | Build | Blacksmith |
| 14:16 | Queue | Villager (Male) |
| 14:24 | Build | House |
| 14:30 | Build | Farm |
| 14:44 | Research | Fletching |
| 14:45 | Research | Fletching |
| 14:50 | Queue | Archer |
| 14:55 | Build | Farm |
| 14:56 | Build | Farm |
| 14:58 | Build | Farm |
| 15:08 | Queue | Villager (Male) |
| 15:12 | Queue | Archer |
| 15:20 | Build | Farm |
| 15:26 | Build | Palisade Gate |
| 15:33 | Build | House |
| 15:35 | Build | House |
| 15:43 | Queue | Villager (Male) |
| 15:47 | Queue | Archer |
| 15:47 | Queue | Archer |
| 15:58 | Build | Palisade Gate |
| 16:00 | Queue | Villager (Male) |
| 16:27 | Build | Lumber Camp |
| 16:36 | Queue | Archer |
| 16:40 | Queue | Villager (Male) |
| 17:01 | Build | Palisade Wall |
| 17:08 | Queue | Villager (Male) |
| 17:10 | Build | House |
| 17:13 | Build | House |
| 17:17 | Queue | Archer |
| 17:17 | Queue | Archer |
| 17:20 | Queue | Villager (Male) |
| 17:24 | Build | House |
| 17:39 | Queue | Villager (Male) |
| 17:42 | Queue | Archer |
| 17:45 | Build | House |
| 17:48 | Queue | Villager (Male) |
| 17:53 | Queue | Villager (Male) |
| 18:05 | Build | House |
| 18:13 | Build | Farm |
| 18:26 | Queue | Villager (Male) |
| 18:28 | Build | Farm |
| 18:29 | Build | Farm |
| 18:37 | Queue | Archer |
| 18:53 | Build | Farm |
| 18:55 | Queue | Archer |
| 18:57 | Queue | Villager (Male) |
| 19:08 | Build | Farm |
| 19:14 | Build | Lumber Camp |
| 19:20 | Queue | Archer |
| 19:23 | Queue | Villager (Male) |
| 19:58 | Queue | Villager (Male) |
| 20:08 | Queue | Villager (Male) |
| 20:24 | Queue | Villager (Male) |
| 20:35 | Build | Market |
| 20:46 | Research | Castle Age |
| 20:46 | Research | Castle Age |
| 21:37 | Research | Gold Mining |
| 21:37 | Research | Gold Mining |
| 21:53 | Build | Stone Wall |
| 22:03 | Build | Stone Wall |
Match timeline
| 5:18 | LLaRLLi · first_building Barracks |
| 5:22 | jakco · first_building Barracks |
| 6:07 | LLaRLLi · wall_segment Palisade Wall x1 |
| 6:23 | jakco · wall_segment Palisade Wall x1 |
| 6:30 | LLaRLLi · wall_segment Palisade Wall x5 |
| 6:48 | LLaRLLi · wall_segment Palisade Wall x9 |
| 8:00 | LLaRLLi · wall_segment Palisade Wall x5 |
| 8:01 | LLaRLLi · wall_segment Palisade Wall x5 |
| 8:08 | LLaRLLi · wall_segment Palisade Wall x1 |
| 8:27 | LLaRLLi · wall_segment Palisade Wall x4 |
| 8:58 | jakco · age_up feudal |
| 9:43 | jakco · first_building Archery Range |
| 9:46 | LLaRLLi · wall_segment Palisade Wall x5 |
| 9:48 | jakco · wall_segment Palisade Wall x6 |
| 9:53 | LLaRLLi · wall_segment Palisade Wall x2 |
| 9:55 | LLaRLLi · wall_segment Palisade Wall x2 |
| 9:56 | LLaRLLi · wall_segment Palisade Wall x4 |
| 10:11 | jakco · wall_segment Palisade Wall x1 |
| 10:11 | jakco · wall_segment Palisade Wall x1 |
| 10:12 | jakco · wall_segment Palisade Wall x1 |
| 10:12 | jakco · wall_segment Palisade Wall x1 |
| 10:15 | jakco · wall_segment Palisade Wall x1 |
| 10:15 | jakco · wall_segment Palisade Wall x1 |
| 10:16 | jakco · wall_segment Palisade Wall x1 |
| 10:16 | jakco · wall_segment Palisade Wall x1 |
| 10:17 | jakco · wall_segment Palisade Wall x1 |
| 10:33 | LLaRLLi · wall_segment Palisade Wall x3 |
| 10:47 | LLaRLLi · wall_segment Palisade Wall x2 |
| 10:50 | LLaRLLi · wall_segment Palisade Wall x1 |
| 10:54 | LLaRLLi · wall_segment Palisade Wall x1 |
| 11:03 | LLaRLLi · wall_segment Palisade Wall x4 |
| 11:56 | LLaRLLi · age_up feudal |
| 11:59 | LLaRLLi · first_building Archery Range |
| 12:38 | LLaRLLi · wall_segment Palisade Wall x1 |
| 12:42 | LLaRLLi · wall_segment Palisade Wall x1 |
| 12:49 | LLaRLLi · wall_segment Palisade Wall x1 |
| 13:07 | LLaRLLi · wall_segment Palisade Wall x2 |
| 17:01 | LLaRLLi · wall_segment Palisade Wall x1 |
| 21:39 | jakco · age_up castle |
| 21:53 | LLaRLLi · wall_segment Stone Wall x8 |
| 22:03 | LLaRLLi · wall_segment Stone Wall x5 |
| 22:06 | LLaRLLi · wall_segment Stone Wall x7 |
| 22:08 | LLaRLLi · wall_segment Stone Wall x4 |
| 22:13 | LLaRLLi · wall_segment Stone Wall x5 |
| 22:15 | LLaRLLi · wall_segment Stone Wall x3 |
| 23:26 | LLaRLLi · age_up castle |
| 23:34 | LLaRLLi · first_building Siege Workshop |
| 23:44 | LLaRLLi · wall_segment Stone Wall x1 |
| 26:11 | jakco · first_building Stable |
| 26:27 | LLaRLLi · first_building Monastery |
| 28:31 | LLaRLLi · resign |
[ AI ANALYSIS · 1 CREDIT ]
What really happened in this match?
Wolo.gg analyzes every decision: build order, eco, micro, common mistakes by bracket. Personalized analysis on WhatsApp or Discord in 30 seconds.
Civ guide
Japanese
Perfil
Jugador #25228388